 Dungeon Crawl Stone Soup version 0.30-a0-568-g124715a40b (webtiles) character file.

Game seed: 15527132179761584707

3607 Jase the Skirmisher (level 9, 0/75 HPs)
             Began as a Minotaur Hunter on Dec 28, 2022.
             Was a Believer of Okawaru.
             Slain by a hornet (9 damage)
             ... while paralysed by a hornet
             ... on level 8 of the Dungeon.
             The game lasted 00:27:48 (9526 turns).

Jase the Skirmisher (Minotaur Hunter)               Turns: 9526, Time: 00:27:48

Health: 0/75       AC: 20    Str: 17    XL:     9   Next: 86%
Magic:  12/12      EV:  2    Int:  6    God:    Okawaru [**....]
Gold:   521        SH:  0    Dex: 17    Spells: 8/8 levels left

rFire   . . .      SeeInvis .    c - +2 flail (protect)
rCold   + . .      Faith    .    (no shield)
rNeg    . . .      Spirit   .    t - +1 chain mail {rC+}
rPois   .          Reflect  .    (helmet restricted)
rElec   .          Harm     .    A - +0 cloak
rCorr   +          Rampage  .    (no gloves)
Will    .....                    C - +0 pair of boots Stlth
                                 (no amulet)
HPRegen 0.32/turn                p - ring of resist corrosion
MPRegen 0.13/turn                G - ring of flight

@: paralysed, lethally poisoned (0 -> -9), under a protective aura, flying,
slowed
A: horns 2, retaliatory headbutt
a: Renounce Religion, Heroism


You were on level 8 of the Dungeon.
You worshipped Okawaru.
Okawaru was pleased with you.
You visited 1 branch of the dungeon, and saw 8 of its levels.
You also visited: Ossuary.

You collected 521 gold pieces.

Inventory:

Hand Weapons
 a - a +0 shortbow
 b - the +1 hand axe "Ciocut" {drain, rElec}
   (You found it on level 2 of the Dungeon)

   A truly terrible weapon, it drains the life of any living foe it strikes.
   rElec:     It insulates you from electricity.
 c - a +2 flail of protection (weapon)
 d - a +0 antimagic flail
 M - a +4 hand axe of freezing
Missiles
 v - 3 silver boomerangs
 B - 14 boomerangs
Armour
 s - a +0 plate armour
 t - a +1 chain mail of cold resistance (worn)
 A - a +0 cloak (worn)
 C - a +0 pair of boots (worn)
 I - a +0 pair of boots of rampaging
Jewellery
 i - a ring of ice
 p - a ring of resist corrosion (left hand)
 G - a ring of flight (right hand)
Wands
 l - a wand of light (5)
 q - a wand of flame (17)
 w - a wand of charming (9)
Scrolls
 f - 2 scrolls of immolation
 m - 2 scrolls of teleportation
 r - a scroll of acquirement {unknown}
 u - 3 scrolls of fear
 y - a scroll of brand weapon {unknown}
 D - a scroll of butterflies
 E - 2 scrolls of poison
 F - a scroll of blinking {unknown}
 H - a scroll of torment
 J - a scroll of enchant armour {unknown}
 N - a scroll of enchant weapon {unknown}
Potions
 e - 2 potions of magic
 g - 3 potions of lignification
 h - a potion of heal wounds
 j - 2 potions of flight
 k - 2 potions of cancellation
 n - 10 potions of curing {unknown}
 o - a potion of brilliance
 x - a potion of haste
 z - a potion of attraction
 K - a potion of invisibility {unknown}
 L - a potion of might {unknown}


   Skills:
 - Level 6.0 Fighting
 * Level 12.7 Ranged Weapons
 - Level 6.0 Armour
 - Level 2.1 Dodging
 - Level 0.7 Stealth
 + Level 5.4 Invocations


You had 8 spell levels left.
You didn't know any spells.
Your spell library contained the following spells:

 Spells                   Type           Power      Damage    Failure   Level
 Sandblast                Erth           0%         2d4       99%         1
 Shock                    Conj/Air       0%         1d3       99%         1
 Blink                    Tloc           0%         N/A       100%        2
 Passwall                 Tmut/Erth      0%         N/A       100%        2
 Ozocubu's Armour         Ice            0%         N/A       100%        3
 Stone Arrow              Conj/Erth      0%         3d7       100%        3
 Swiftness                Air            0%         N/A       100%        3
 Airstrike                Air            0%         2d(0-16)  100%        4
 Manifold Assault         Tloc           0%         N/A       100%        4
 Ozocubu's Refrigeration  Ice            0%         4d7       100%        7
 Storm Form               Tmut/Air       0%         N/A       100%        7


Dungeon Overview and Level Annotations

Branches:
Dungeon (8/15)             Temple (0/1) D:7         Ossuary (visited)
   Lair: D:8-11

Altars:
Ashenzari
Cheibriados
Dithmenos
Elyvilon
Makhleb
Okawaru
Vehumet
Wu Jian
Xom

Shops:
D:6 (

Annotations:
D:4 3 runed translucent doors, Pokonic1's ghost, amateur DsMo
D:7 1 runed translucent door, Crazy Yiuf
D:8 5 exclusions


Innate Abilities, Weirdness & Mutations

You have a pair of horns on your head.
You reflexively headbutt those who attack you in melee.


Message History

You feel yourself slow down.
The hornet stings you but does no damage.
Your +2 flail of protection hums with potential!
c - a +2 flail of protection (weapon)
You feel sick. The hornet stings you.
You are more poisoned.
You feel as though you will be slow longer.
You sock the hornet!
Your weapon exudes an aura of protection.
The hornet is moderately wounded.
You feel extremely sick. The hornet completely misses you.
The hornet stings you!
You feel as though you will be slow longer.
The hornet stings you.
You feel as though you will be slow longer.
You hit the hornet but do no damage.
The hornet is moderately wounded.
You feel very sick.
The hornet stings you but does no damage. x2
The hornet barely misses you. You furiously retaliate!
You headbutt the hornet! You hit the hornet. Your headbutt misses the hornet.
The hornet is almost dead.
You feel very sick. The hornet closely misses you. The hornet stings you!
You feel as though you will be slow longer.
The hornet stings you but does no damage.
You hit the hornet but do no damage.
The hornet is almost dead.
You feel very sick. The hornet stings you.
* * * LOW HITPOINT WARNING * * *
You are more poisoned.
You feel as though you will be slow longer.
The hornet stings you.
* * * LOW HITPOINT WARNING * * *
You suddenly lose the ability to move!
The hornet barely misses you.
* * * LOW HITPOINT WARNING * * *
You feel very sick. The hornet stings you!
You die...

#)).##.#
#...##.#
#....#.##
#.......####.#
#...#........#
######...###..
#...#..#
#.####...# #.#
#@# ..## ..
#....Yy.# ..#
#. .....###.
... # .... ..
..< >.. ### ..
.#### . .....
..###


You could see a hornet and an ice beast.

Vanquished Creatures
  A wyvern (D:8)
  A water moccasin (D:7)
  An orc warrior (D:8)
  An ice beast (D:6)
  A sky beast (D:7)
  A black bear (D:5)
  2 ogres
  A phantom (D:5)
  3 centaurs
  A kobold brigand (D:7)
  3 necrophages
  4 bullfrogs
  3 scorpions
  6 water moccasin zombies (Ossuary)
  6 wights
  5 killer bees (D:8)
  2 howler monkeys
  4 electric eels (D:6)
  2 jellies
  A gnoll bouda (D:6)
  4 orc priests
  2 hounds (D:5)
  3 orc wizards
  2 mummies (Ossuary)
  10 gnolls
  6 adders
  A white imp (D:7)
  5 adder zombies (Ossuary)
  A worm (D:2)
  10 dart slugs
  36 orcs
  8 bats
  5 endoplasms
  2 giant cockroaches
  8 goblins
  2 hobgoblins
  6 jackals
  2 quokkas (D:4)
  9 ball pythons
  3 frilled lizards
  3 gnoll zombies (Ossuary)
  6 hobgoblin zombies (Ossuary)
  11 kobolds
  7 kobold zombies (Ossuary)
  2 orc zombies (Ossuary)
  11 rats
214 creatures vanquished.

Vanquished Creatures (others)
  2 dart slugs (D:6)
2 creatures vanquished.

Grand Total: 216 creatures vanquished

Notes
Turn   | Place    | Note
-------+----------+-------------------------------------------
     0 | D:1      | Jase the Minotaur Hunter began the quest for the Orb.
     0 | D:1      | Reached XP level 1. HP: 18/18 MP: 0/0
   131 | D:1      | Reached XP level 2. HP: 25/25 MP: 1/1
   198 | D:1      | Reached skill level 5 in Ranged Weapons
  1013 | D:2      | Identified the +1 hand axe "Ciocut" {drain, rElec}
  1048 | D:2      | Reached XP level 3. HP: 30/30 MP: 2/2
  1076 | D:2      | Found a faded altar of an unknown god.
  1620 | D:3      | Found a white marble altar of Elyvilon.
  1623 | D:3      | Found a snail-covered altar of Cheibriados.
  1803 | D:3      | Found a radiant altar of Vehumet.
  1806 | D:3      | Found a burning altar of Makhleb.
  1840 | D:3      | Noticed a bullfrog
  1851 | D:3      | Killed a bullfrog
  1852 | D:3      | Reached skill level 6 in Ranged Weapons
  1852 | D:3      | Reached XP level 4. HP: 28/37 MP: 3/3
  1994 | D:3      | Found a shadowy altar of Dithmenos.
  2205 | D:3      | Identified the +1 robe of the Forsaken Ziggurats {Harm rF+
                  | Str+4}
  2694 | D:4      | Noticed a scorpion
  2702 | D:4      | Killed a scorpion
  2703 | D:4      | Reached skill level 7 in Ranged Weapons
  2703 | D:4      | Reached skill level 1 in Armour
  2703 | D:4      | Reached XP level 5. HP: 42/42 MP: 4/4
  2773 | D:4      | Found a broken altar of Ashenzari.
  2902 | D:4      | Reached XP level 6. HP: 37/50 MP: 5/5
  3066 | D:4      | Reached skill level 8 in Ranged Weapons
  3256 | D:4      | Found a runed translucent gate.
  3256 | D:4      | Found a runed translucent gate.
  3256 | D:4      | Found a runed translucent gate.
  3256 | D:4      | Noticed Pokonic1's ghost (amateur DsMo)
  3546 | D:5      | Entered Level 5 of the Dungeon
  3658 | D:5      | Found a shimmering altar of Xom.
  3941 | D:5      | Reached XP level 7. HP: 7/56 MP: 6/6
  4187 | D:5      | Reached skill level 9 in Ranged Weapons
  4452 | D:5      | Found an iron altar of Okawaru.
  4460 | D:5      | Became a worshipper of Warmaster Okawaru
  5325 | D:6      | Reached skill level 5 in Armour
  5325 | D:6      | Reached skill level 1 in Invocations
  5819 | D:6      | Reached XP level 8. HP: 42/62 MP: 2/8
  5964 | D:6      | Reached skill level 10 in Ranged Weapons
  6329 | D:6      | Reached * piety under Okawaru
  6722 | D:6      | Found an ornate altar of the Wu Jian Council.
  6906 | D:6      | Found Heen's Weapon Emporium.
  7142 | D:7      | Reached skill level 11 in Ranged Weapons
  7322 | D:7      | Reached XP level 9. HP: 36/71 MP: 10/10
  7544 | D:7      | Reached ** piety under Okawaru
  7927 | D:7      | Found a staircase to the Ecumenical Temple.
  8315 | D:7      | Found a runed translucent door.
  8316 | D:7      | Noticed Crazy Yiuf
  8514 | D:8      | Reached skill level 5 in Fighting
  8515 | D:8      | HP: 3/74 [centaur/arrow (11)]
  8516 | D:7      | HP: 1/74 [poisoned by a killer bee]
  8705 | D:8      | Reached skill level 12 in Ranged Weapons
  8881 | D:8      | Found a sand-covered staircase.
  8890 | Ossuary  | Entered an ossuary
  8990 | Ossuary  | Reached skill level 5 in Invocations
  9525 | D:8      | Paralysed by a hornet for 3 turns
  9526 | D:8      | Slain by a hornet

Illustrated notes

Levels and vault maps discovered:
D:1:      heliophobic_arrival_battle_scene, layout_basic,
          amcnicky_mini_pool_small, patterned_corridor
D:2:      layout_loops_cross, hellmonk_ecumenical_altar_run_dry,
          minmay_pentomino_o2
D:3:      minmay_door_path, layout_basic, grunt_temple_overflow_open,
          lemuel_doored_altar
D:4:      layout_basic, mainiacjoe_overflow_alcove_1, gammafunk_ghost_necromancy
D:5:      layout_basic, tgw_xom, kennysheep_okawaru_gauntlet
D:6:      kennysheep_slugbush, layout_basic,
          nicolae_wu_jian_immortal_techniques, kennysheep_windowed_goal
D:7:      layout_cave_pools, minmay_temple_entry_mini_moons,
          uniq_crazy_yiuf_cottage
D:8:      layout_rooms, nicolae_ossuary_entry_ruins

Skill      XL: |  1  2  3  4  5  6  7  8  9 |
---------------+----------------------------+-----
Ranged Weapons | 5 6 7 8 9 11 12 | 12.7
Armour         | 1 2 4 5 6 |  6.0
Invocations    | 1 3 5 |  5.4
Fighting       | 3 6 |  6.0
Dodging        | |  2.1
Stealth        | |  0.7

Action                   |  1- 3 |  4- 6 |  7- 9 || total
-------------------------+-------+-------+-------++-------
Melee: Hand axe          |       |    73 |   157 ||   230
       Headbutt          |       |    15 |    60 ||    75
       Punch             |       |     1 |     5 ||     6
       Flail             |       |       |   142 ||   142
 Fire: Shortbow          |   102 |   117 |   205 ||   424
Invok: Heroism           |       |       |     1 ||     1
  Use: Scroll            |       |       |    16 ||    16
       Potion            |       |       |     2 ||     2
Armor: Leather armour    |    14 |       |       ||    14
       Scale mail        |     5 |       |       ||     5
       Plate armour      |       |   113 |    99 ||   212
       Chain mail        |       |       |   205 ||   205
Dodge: Dodged            |    28 |    61 |   170 ||   259

Table legend: (Time is in decaauts)
 A = Elapsed time spent in this place.
 B = Non-inter-level travel time spent in this place.
 C = Inter-level travel time spent in this place.
 D = Time resting spent in this place.
 E = Time spent auto-exploring this place.
 F = Levels seen in this place.
 G = Mean time per level.
                   A        B        C        D        E       F      G
               +--------+--------+--------+--------+--------+-----+--------+
         Total |   9836 |   9229 |    607 |   2638 |   4371 |   9 | 1092.9 |
       Dungeon |   9576 |   8969 |    607 |   2616 |   4371 |   8 | 1197.0 |
       Ossuary |    259 |    259 |      0 |     22 |      0 |   1 |  259.0 |
               +--------+--------+--------+--------+--------+-----+--------+

Top non-repeatable levels by time:
     D:5: 1935 daAuts
     D:6: 1797 daAuts
     D:7: 1444 daAuts
     D:4: 1191 daAuts
     D:3: 1016 daAuts
     D:1: 962 daAuts
     D:2: 674 daAuts
     D:8: 554 daAuts
 Ossuary: 259 daAuts
